AoeStats
← Fizzle twist

Arabia

510042585Analyzed
1v1 RM · 3d ago on Sep 29, 2026· 29m 51s· 2 players
Game mode
Random Map
Map size
Tiny (2 player)
Population
200
Speed
Normal
Resources
Standard
Victory
Conquest
Starting age
Dark Age
Ending age
Imperial Age
RankedLock teamsTeams togetherTeam positionsShared explorationLock speedFull tech treeHidden civsTurbo modeCheats
Victory
Defeat
🇬🇧 Persians · United Kingdom
850
+13
🇺🇦 Inca · Ukraine
775
-13
МАМУТ
11:43 Loom
14:14 Feudal Age
15:10 Horse Collar
15:15 Double-Bit Axe
16:28 Forging
16:18 Scale Mail Armor
29:31 Fletching
Fizzle twist
1:56 Loom
2:22 Loom
2:45 Loom
12:10 Feudal Age
17:36 Castle Age
16:12 Fletching
Connection lost

Rejoining the realm…

Still unreachable

The connection could not be restored.

Session expired

The server has moved on; the page needs a fresh start.